 Dungeon Crawl Stone Soup version 0.17-a0-1164-g0ba867e (webtiles) character file.

98 KlotserJr the Ducker (level 4, -1/22 HPs)
             Began as a Spriggan Warper on May 28, 2015.
             Was an Initiate of Dithmenos.
             Slain by an orc warrior
             ... wielding a +0 mace
              (19 damage)
             ... on level 3 of the Dungeon.
             The game lasted 00:15:02 (3103 turns).

KlotserJr the Ducker (Spriggan Warper)              Turns: 3103, Time: 00:15:02

Health: -1/22      AC:  3    Str:  8    XL:     4   Next: 44%
Magic:  9/9        EV: 20    Int: 14    God:    Dithmenos [......]
Gold:   93         SH:  0    Dex: 15    Spells: 2 memorised, 6 levels left

rFire  . . .     SeeInvis +     a - +1 short sword
rCold  . . .     Clarity  .     b - +0 robe
rNeg   . . .     SustAt   .     (shield restricted)
rPois  +         Gourm    .     (helmet restricted)
rElec  .         Spirit   .     w - +0 cloak {rPois}
rCorr  .         Warding  .     (gloves unavailable)
rMut   .         Stasis   .     (boots unavailable)
MR     .....                    (no amulet)
Stlth  +++.......               (no ring)
                                h - ring of poison resistance

@: very quick, not resistant to hostile enchantments, fairly stealthy
A: unfitting armour, see invisible, herbivore 3, speed 3, slow metabolism 2
a: Renounce Religion


You were on level 3 of the Dungeon.
You worshipped Dithmenos.
Dithmenos was noncommittal.
You were not hungry.

You visited 1 branch of the dungeon, and saw 3 of its levels.

You collected 93 gold pieces.

Inventory:

Hand weapons
 a - a +1 short sword (weapon)
 o - a +0 dagger
 s - a +0 short sword
Missiles
 e - 5 tomahawks of dispersal (quivered)
Armour
 b - a +0 robe (worn)
 g - a +0 cloak
 w - a +0 cloak of poison resistance (worn)
Jewellery
 h - a ring of poison resistance (left hand)
Scrolls
 d - 2 scrolls of blinking
 j - 2 scrolls of remove curse
 q - a scroll of magic mapping
 t - a scroll of immolation {unknown}
Potions
 i - a potion of haste {unknown}
 l - a potion of magic {unknown}
 m - 3 potions of curing {unknown}
 p - a potion of ambrosia {unknown}
 r - a potion of resistance {unknown}
 v - 2 potions of cancellation
Books
 c - a book of Spatial Translocations

   Spells                             Type                      Level
   a - Apportation                    Translocation                1
   b - Blink                          Translocation                2
   c - Shroud of Golubria             Charms/Translocation         2
   d - Portal Projectile              Translocation                3
   e - Teleport Other                 Translocation                3
   f - Passage of Golubria            Translocation                4
 k - a book of Battle

   Spells                             Type                      Level
   a - Infusion                       Charms                       1
   b - Shroud of Golubria             Charms/Translocation         2
   c - Song of Slaying                Charms                       2
   d - Spectral Weapon                Hexes/Charms                 3
   e - Regeneration                   Charms/Necromancy            3
Comestibles
 f - 2 bread rations
 n - 5 fruits


   Skills:
 - Level 1.5 Fighting
 + Level 3.1 Short Blades
 - Level 1.1 Throwing
 + Level 5.0 Dodging
 + Level 3.2 Stealth
 + Level 3.1 Spellcasting
 - Level 4.6 Translocations


You had 6 spell levels left.
You knew the following spells:

 Your Spells              Type           Power        Failure   Level  Hunger
a - Apportation           Tloc           ###.......   3%          1    #......
b - Blink                 Tloc           N/A          6%          2    ##.....


Dungeon Overview and Level Annotations

Branches:
Dungeon (3/15)

Altars:
Dithmenos
Elyvilon
Nemelex Xobeh
Ru
Sif Muna
Zin


Innate Abilities, Weirdness & Mutations

You are tiny and cannot use many weapons and most armour.
You have supernaturally acute eyesight.
You are a herbivore.
You cover ground extremely quickly.
You need consume almost no food.


Message History

You closely miss the goblin. The goblin closely misses you.
You hit the goblin.
The goblin is heavily wounded.
The goblin completely misses you.
You barely miss the goblin.
The goblin is heavily wounded.
The goblin closely misses you. The orc misses you.
You see here a rat corpse.
The orc misses you.
You see here a rat corpse.
You closely miss the orc. The orc misses you.
You barely miss the orc. You hit the orc warrior.
The orc warrior is moderately wounded.
You closely miss the orc warrior.
The orc warrior is moderately wounded.
The orc warrior hits you with a mace!!
Ouch! That really hurt!
You die...

###### # ######### #....# #
##...#...## #...<# #
##(........## #...># #
#...........# #....# #
#..........o#####....# ###
#.........ogo@.(....##### ##..
##.........o###...#.....###..#
##PPPPP....#.#...#...........##
#.P$$$P.###..#.#####..#....####
..P$$$P.###.#..# #....<#.....#
..P$$$P.#...#.## ##..#####.#..
..PPPPP.o......######.#####...#
......#o#.##.#.................
..........##.########.#..####..


You could see an orc warrior, 3 orcs and a goblin.

Vanquished Creatures
  Crazy Yiuf (D:2)
  2 adders (D:2)
  2 worms
  A giant gecko (D:2)
  3 bats
  4 giant cockroaches
  5 hobgoblins
  4 jackals (D:1)
  A giant newt (D:2)
  10 goblins
  6 kobolds
  8 rats
47 creatures vanquished.

Notes
Turn   | Place    | Note
--------------------------------------------------------------
     0 | D:1      | KlotserJr the Spriggan Warper began the quest for the Orb.
     0 | D:1      | Reached XP level 1. HP: 10/10 MP: 5/5
     5 | D:1      | You fall through a shaft!
   165 | D:1      | Reached skill level 1 in Stealth
   471 | D:1      | Reached XP level 2. HP: 5/14 MP: 6/6
  1373 | D:1      | Learned a level 2 spell: Blink
  1622 | D:2      | Reached XP level 3. HP: 15/18 MP: 8/8
  2612 | D:2      | Noticed Crazy Yiuf
  2628 | D:2      | Killed Crazy Yiuf
  2628 | D:2      | Reached XP level 4. HP: 12/22 MP: 9/9
  2885 | D:3      | Reached skill level 5 in Dodging
  2965 | D:3      | Found a glowing silver altar of Zin.
  2965 | D:3      | Found a white marble altar of Elyvilon.
  2965 | D:3      | Found a sacrificial altar of Ru.
  2965 | D:3      | Found a sparkling altar of Nemelex Xobeh.
  2973 | D:3      | Found a shadowy altar of Dithmenos.
  2973 | D:3      | Found a deep blue altar of Sif Muna.
  3011 | D:3      | Became a worshipper of Dithmenos the Shadowed
  3067 | D:3      | Noticed an orc warrior
  3103 | D:3      | Slain by an orc warrior

Vault maps used:
D:1:      minmay_arrival_wavy_path
D:2:      first_bread, uniq_crazy_yiuf_cottage
D:3:      kennysheep_goblin_castle, minmay_overflow_temple_hex,
          minmay_tree_intersection, minmay_gold_behind_fungi

Action                   |  1- 3 |  4- 6 || total
-------------------------+-------+-------++-------
Melee: Short sword       |   124 |    30 ||   154
  Use: Scroll            |     5 |     3 ||     8
 Stab: Sleeping          |     5 |     3 ||     8
       Distracted        |     1 |       ||     1
       Invisible         |     1 |       ||     1
